 Dungeon Crawl Stone Soup version 0.30-a0-639-g3916f1956a (console) character file.

Game seed: 17403846455829733367

144 jejorda2 the Poker (level 5, 0/42 HPs)
             Began as a Merfolk Berserker on Jan 16, 2023.
             Was a Believer of Trog.
             Slain by an orc
             ... wielding a +0 trident
              (1 damage)
             ... on level 3 of the Dungeon.
             The game lasted 00:06:28 (1652 turns).

jejorda2 the Poker (Merfolk Berserker)              Turns: 1652, Time: 00:06:29

Health: 0/42       AC: 10    Str: 20    XL:     5   Next: 27%
Magic:  5/5        EV:  8    Int:  6    God:    Trog [**....]
Gold:   136        SH:  0    Dex: 13    Spells: 4/4 levels left

rFire   . . .      SeeInvis .    a - +0 halberd
rCold   . . .      Faith    .    (shield currently unavailable)
rNeg    . . .      Spirit   .    b - +0 chain mail
rPois   .          Reflect  .    (no helmet)
rElec   .          Harm     .    n - +0 cloak
rCorr   .          Rampage  .    (no gloves)
Will    .....                    m - +0 pair of boots Stlth
                                 (no amulet)
HPRegen 0.27/turn                i - ring of flight
MPRegen 0.09/turn                (no ring)

@: on berserk cooldown, flying, slowed, very slow
A: (nimble swimmer 2), mertail
a: Renounce Religion, Berserk, Trog's Hand


You were on level 3 of the Dungeon.
You worshipped Trog.
Trog was pleased with you.
You visited 1 branch of the dungeon, and saw 3 of its levels.

You collected 136 gold pieces.

Inventory:

Hand Weapons
 a - a +0 halberd (weapon)
 c - a +0 spear
Missiles
 h - 23 stones (quivered)
Armour
 b - a +0 chain mail (worn)
 m - a +0 pair of boots (worn)
 n - a +0 cloak (worn)
Jewellery
 i - a ring of flight (left hand)
Scrolls
 e - a scroll of teleportation {unknown}
 f - a scroll of identify {unknown}
 g - a scroll of magic mapping {unknown}
 l - a scroll of silence {unknown}
 p - 3 scrolls of blinking {unknown}
 r - a scroll of enchant weapon {unknown}
Potions
 d - a potion of might {unknown}
 j - a potion of haste {unknown}
 k - a potion of mutation {unknown}
 o - 2 potions of cancellation {unknown}
 q - a potion of brilliance {unknown}


   Skills:
 + Level 4.2 Fighting
 * Level 6.1 Polearms
 - Level 1.3 Armour
 + Level 4.1 Dodging


You had 4 spell levels left.
You didn't know any spells.
Your spell library was empty.

Dungeon Overview and Level Annotations

Branches:
Dungeon (3/15)

Altars:


Innate Abilities, Weirdness & Mutations

((You are very nimble when in or above water. (Stealth+, EV+, Speed+++)))
Your lower body shifts to a powerful aquatic tail in water.


Message History

The orc hits you but does no damage.
You barely miss something. You miss something.
Something hits you but does no damage.
The orc hits you from afar with a +0 trident.
The orc barely misses you.
You miss something. Something hits you but does no damage.
The orc barely misses you. The orc closely misses you.
You closely miss something. Something hits you but does no damage.
The orc hits you from afar with a +0 trident.
The orc hits you but does no damage.
You miss something.
You are no longer berserk.
You are exhausted.
You feel yourself slow down.
You closely miss something. Something hits you but does no damage.
The orc hits you but does no damage. x2
The orc hits you from afar with a +0 trident.
The orc closely misses you.
You slash the orc!
You kill the orc!
Trog accepts your kill.
The orc hits you but does no damage. x2; The orc hits you with a +0 flail.
* * * LOW HITPOINT WARNING * * *
The orc hits you but does no damage. The orc closely misses you.
You barely miss the orc. The orc hits you but does no damage.
The orc barely misses you. The orc closely misses you.
The orc hits you with a +0 club.
* * * LOW HITPOINT WARNING * * *
The orc hits you with a +0 flail.
* * * LOW HITPOINT WARNING * * *
The orc hits you but does no damage.
You hit the orc.
The orc is lightly wounded.
The orc hits you but does no damage. x2; The orc hits you with a +0 flail.
* * * LOW HITPOINT WARNING * * *
The orc barely misses you. x2; The orc hits you but does no damage.
You closely miss the orc.
The orc is lightly wounded.
The orc hits you from afar with a +0 trident.
You die...

.... ....
.....
.....####
.......<#
......#.#
.oo....B#
......#o#
......#@#
..... #o#
##### #.o
#o..
#....
#.##..
#.# ...
#.. ...


You could see 4 orcs and a giant cockroach.

Vanquished Creatures
  An orc priest (D:3)
  An orc wizard (D:3)
  3 adders
  A worm (D:2)
  2 dart slugs
  An orc (D:3)
  3 ball pythons
  7 endoplasms
  4 giant cockroaches
  7 goblins
  6 hobgoblins
  7 kobolds
  2 quokkas (D:1)
  2 bats (D:1)
  6 frilled lizards
  3 rats
56 creatures vanquished.

Notes
Turn   | Place    | Note
-------+----------+-------------------------------------------
     0 | D:1      | jejorda2 the Merfolk Berserker began the quest for the Orb.
     0 | D:1      | Reached XP level 1. HP: 18/18 MP: 1/1
   186 | D:1      | Reached XP level 2. HP: 20/24 MP: 2/2
   406 | D:1      | Reached XP level 3. HP: 29/29 MP: 3/3
   577 | D:1      | Reached ** piety under Trog
   604 | D:1      | You fall into a shaft and drop 1 floor!
   610 | D:2      | Reached skill level 5 in Polearms
  1135 | D:2      | Reached XP level 4. HP: 10/37 MP: 4/4
  1635 | D:3      | Reached XP level 5. HP: 35/42 MP: 5/5
  1636 | D:3      | Reached skill level 6 in Polearms
  1651 | D:3      | HP: 1/42 [orc/+0 flail (3)]
  1652 | D:3      | Slain by an orc

Illustrated notes

Levels and vault maps discovered:
D:1:      saegor_arrival_under_anarchy, layout_loops_ring,
          minmay_misc_feat_rugged
D:2:      layout_rooms, serial_rivers, chequers_serial_rivers_large_a,
          chequers_serial_rivers_room_b, chequers_serial_rivers_small_3,
          chequers_serial_rivers_room_a, minmay_pentomino_s4
D:3:      layout_basic, mainiacjoe_overflow_tiny_flanked,
          grunt_decor_resistance, minmay_unequal, uniq_terence, uniq_jessica

Skill      XL: |  1  2  3  4  5 |
---------------+----------------+-----
Dodging        | 3 4 |  4.1
Polearms       | 5 6 |  6.1
Fighting       | 4 |  4.2
Armour         | |  1.3

Action                   |  1- 3 |  4- 6 || total
-------------------------+-------+-------++-------
Melee: Spear             |   112 |       ||   112
       Halberd           |    40 |    52 ||    92
Invok: Berserk           |     1 |     1 ||     2
       Trog's Hand       |       |     1 ||     1
  Use: Potion            |       |     1 ||     1
Armor: Animal skin       |     3 |       ||     3
       Chain mail        |    67 |    58 ||   125
       Ring mail         |     4 |       ||     4
Dodge: Dodged            |    54 |    26 ||    80
Block: Buckler           |    15 |       ||    15

Table legend: (Time is in decaauts)
 A = Elapsed time spent in this place.
 B = Non-inter-level travel time spent in this place.
 C = Inter-level travel time spent in this place.
 D = Time resting spent in this place.
 E = Time spent auto-exploring this place.
 F = Levels seen in this place.
 G = Mean time per level.
                   A        B        C        D        E       F      G
               +--------+--------+--------+--------+--------+-----+--------+
         Total |   1641 |   1570 |     71 |      0 |   1081 |   3 |  547.0 |
       Dungeon |   1641 |   1570 |     71 |      0 |   1081 |   3 |  547.0 |
               +--------+--------+--------+--------+--------+-----+--------+

Top non-repeatable levels by time:
     D:1: 975 daAuts
     D:2: 633 daAuts
     D:3: 32 daAuts
